 Dungeon Crawl Stone Soup version 0.15-a0-1154-gddcb950 (webtiles) character file.

16681 BluebellGnoll the Conjurer (level 12, -1/59 HPs)
             Began as a Deep Elf Conjurer on May 29, 2014.
             Was the Champion of Sif Muna.
             Killed from afar by a gargoyle (19 damage)
             ... with a stone arrow
             ... on Level 11 of the Dungeon on May 30, 2014.
             The game lasted 02:13:58 (14849 turns).

BluebellGnoll the Conjurer (Deep Elf Conjurer)     Turns: 14849, Time: 02:13:58

HP  -1/59        AC  8     Str  5      XL: 12   Next: 12%
MP  34/36        EV 18     Int 26      God: Sif Muna [******]
Gold 756         SH  0     Dex 15      Spells:  8 memorised, 12 levels left

rFire  . . .     SeeInvis +     D - +3,+1 short sword (elec)
rCold  . . .     Clarity  +     k - +1 robe
rNeg   . . .     rCorr    .     (no shield)
rPois  .         rRot     .     a - +0 hat
rElec  .         Spirit   .     s - +2 cloak
SustAb +         Warding  .     (no gloves)
rMut   .         Stasis   .     r - +1 pair of boots
Gourm  .                        y - amulet of clarity
MR     +....                    I - ring of see invisible
                                c - ring of sustain abilities

@: about to teleport, somewhat resistant to hostile enchantments, stealthy
A: no striking features
a: Channel Energy, Forget Spell, Renounce Religion


You were on level 11 of the Dungeon.
You worshipped Sif Muna.
Sif Muna was exalted by your worship.
You were not hungry.

You visited 3 branches of the dungeon, and saw 14 of its levels.
You also visited: Sewer and Ossuary.

You collected 786 gold pieces.
You spent 30 gold pieces at shops.

Inventory:

Hand weapons
 D - a +3,+1 short sword of electrocution (weapon)
 E - a +0,+2 shortbow of evasion
 H - a +0,+0 shortbow
 L - a +2,+1 shortbow
 N - a +0,+0 shortbow
 O - a +0,+0 shortbow
 V - a +2 blowgun
Missiles
 h - 9 curare-tipped needles
 t - 3 tomahawks of returning (quivered)
Armour
 a - a +0 hat (worn)
 k - a +1 robe (worn)
 r - a +1 pair of boots (worn)
 s - a +2 cloak (worn)
Magical devices
 z - a wand of polymorph (16)
 A - a wand of draining (5)
 J - a wand of draining (5)
 P - a wand of random effects (11)
 W - a wand of disintegration (13)
Comestibles
 b - 4 bread rations
 u - 3 chunks of yak flesh
 v - a chunk of yak flesh
 w - 2 fruits
 C - a meat ration
 Q - 4 chunks of giant frog flesh
 R - 4 chunks of orc flesh
Scrolls
 d - 4 scrolls of remove curse
 e - 10 scrolls of identify
 j - a scroll of fog
 l - 3 scrolls of fear
 x - a scroll of teleportation
 M - 2 scrolls of recharging
 T - a scroll of immolation
 U - 3 scrolls of enchant armour
Jewellery
 c - a ring of sustain abilities (left hand)
 o - an uncursed ring of flight
 q - an uncursed ring of teleportation
 y - an amulet of clarity (around neck)
 B - an uncursed ring of protection from magic
 I - a ring of see invisible (right hand)
Potions
 f - a potion of curing
 g - a potion of might
 i - 4 potions of heal wounds
 n - 2 potions of haste
 p - 4 potions of berserk rage
 S - 2 potions of brilliance
Books
 m - a book of Unlife

   Spells                             Type                      Level
   Recall                             Summoning/Translocation      3
   Animate Dead                       Necromancy                   4
   Control Undead                     Necromancy                   4
   Twisted Resurrection               Necromancy                   5
   Death Channel                      Necromancy                   6
   Simulacrum                         Ice/Necromancy               6
 F - the Papyrus of Burning Attacks
   (You found it on level 1 of the Lair of Beasts)

   Spells                             Type                      Level
   Flame Tongue                       Conjuration/Fire             1
   Stone Arrow                        Conjuration/Earth            3
   *Fireball                          Conjuration/Fire             5
   Delayed Fireball                   Conjuration/Fire             7
 K - Sif Muna's Handbook of Frigorific Moulding
   (Sif Muna gifted it to you on level 11 of the Dungeon)

   Spells                             Type                      Level
   Freeze                             Ice                          1
   Beastly Appendage                  Transmutation                1
   Sticks to Snakes                   Transmutation                2
   Petrify                            Transmutation/Earth          4
   Glaciate                           Conjuration/Ice              9
Miscellaneous
 G - a fan of gales


   Skills:
 * Level 9.3 Dodging
 - Level 8.8 Stealth
 - Level 13.8 Spellcasting
 + Level 13.9 Conjurations
 - Level 4.4 Charms
 * Level 4.7 Evocations


You had 12 spell levels left.
You knew the following spells:

 Your Spells              Type           Power        Failure   Level  Hunger
a - Magic Dart            Conj           ####         0%          1    None
b - Searing Ray           Conj           ######       0%          2    None
c - Dazzling Spray        Conj/Hex       ######..     1%          3    None
d - Iskenderun's Mystic   Conj           ######..     1%          4    None
e - Iskenderun's Battles  Conj/Chrm      ######..     1%          5    None
f - Fulminant Prism       Conj/Hex       ######....   1%          4    None
g - Blink                 Tloc           N/A          6%          2    None
h - Fireball              Conj/Fire      ######....   8%          5    None


Dungeon Overview and Level Annotations

Branches:
Dungeon (11/15)            Temple (1/1) D:4             Orc (0/4) D:11
   Lair (2/8) D:9

Altars:
Ashenzari
Cheibriados
Dithmenos
Elyvilon
Fedhas
Gozag
Kikubaaqudgha
Makhleb
Nemelex Xobeh
Okawaru
Qazlal
Sif Muna
Trog
Vehumet
Xom
Yredelemnul
Zin
The Shining One

Shops:
D:6 !   D:9 (


Message History

Drink which item? (? for menu, Esc to quit)
You feel much better. The hippogriff completely misses you.
The hippogriff pecks you but does no damage.
The hippogriff closely misses you.
The hill giant hits you with a giant club!
* * * LOW HITPOINT WARNING * * *
The gargoyle hurls a stone arrow at you.
The stone arrow misses you.
The hippogriff bites you but does no damage.
The hippogriff barely misses you.
The hippogriff claws you but does no damage.
Read which item? (? for menu, Esc to quit)
As you read the scroll of teleportation, it crumbles to dust.
You feel strangely unstable. The gargoyle closely misses you.
Casting: Searing Ray
Confirm with . or Enter, or press ? or * to list all spells.
You blink.
The gargoyle hurls a stone arrow at you.
The stone arrow hits you!
You die...

.# #..(.....# #.......%..... .#
........# #............. .#
.......+............... .# .
......#########....... ##
....#..................... .#
.....#.B...[............... .#
......#.HC..................
.+..........#9####.....PP........
##.......##.#.ยง.@#....P.PP..#####
+................#......_PP.##...
#..........#.....#....PP..P.##...
#....###...............PPP...'...
#....###.......###..........##...
#....##...#....# ##...[.#....'...
#....##.#.#....# #.....#.####...
........#.#.#.## #..####.# #...
#########.#.#.# #..# #.# #...


You could see a gargoyle.

Vanquished Creatures
  The ghost of Deemzul the Martial Artist, a powerful OpMo of Qazlal (D:11)
  Pikel (D:4)
  A gargoyle (D:9)
  2 spiny frogs (Lair:1)
  A komodo dragon (Lair:1)
  A kobold demonologist (D:11)
  4 trolls
  A two-headed ogre (D:9)
  A basilisk (Lair:1)
  A spriggan (D:7)
  25 yaks
  The ghost of lege the Chucker, an average KoAs (Sewer)
  A deep elf mage (D:9)
  A wyvern (D:11)
  2 hippogriffs
  2 wargs (D:11)
  8 porcupines
  A steam dragon (D:9)
  A mottled dragon (D:11)
  A water moccasin (Lair:2)
  3 sky beasts
  An ice beast (D:6)
  2 phantoms
  A necrophage (D:7)
  5 ogres
  4 orc warriors
  9 centaurs
  2 crocodiles
  An elf zombie (Ossuary)
  Sigmund (D:2)
  2 giant slugs (Lair:2)
  Blork the orc (D:4)
  12 giant frogs
  3 big kobolds
  A cyclops zombie (D:11)
  2 scorpions
  10 killer bees (D:8)
  An eye of draining (D:9)
  A troll zombie (Ossuary)
  8 wights
  3 orc priests
  2 human zombies (Ossuary)
  2 big fish (D:6)
  2 centaur zombies (Ossuary)
  A goliath beetle (D:6)
  5 crimson imps
  2 jellies
  Crazy Yiuf (D:2)
  6 orange rats (Lair:2)
  9 hounds
  11 orc wizards
  6 iguanas
  A killer bee zombie (D:10)
  5 worker ants
  3 ogre zombies
  4 sheep (Lair:2)
  Ijyb (D:2)
  A big kobold zombie (Ossuary)
  A mottled dragon skeleton (D:10)
  A hound skeleton (D:6)
  7 mummies (Ossuary)
  A worker ant zombie (D:7)
  4 gnolls (D:9)
  16 green rats
  5 shadow imps
  20 adders
  2 giant mites
  2 goliath beetle zombies
  8 worms
  5 adder zombies
  An iguana skeleton (D:5)
  4 giant geckos
  An ooze (Sewer)
  45 orcs
  8 ball pythons
  18 bats
  A bat skeleton (D:7)
  11 giant cockroaches
  13 goblins
  14 hobgoblins
  16 jackals
  37 kobolds
  10 quokkas
  A giant gecko zombie (D:6)
  3 giant newts
  A gnoll zombie (Ossuary)
  5 goblin zombies
  2 hobgoblin zombies (Ossuary)
  3 kobold zombies (Ossuary)
  5 quokka zombies
  22 rats
  A rat skeleton (D:5)
  3 rat zombies (Ossuary)
  6 plants (D:4)
495 creatures vanquished.

Vanquished Creatures (others)
  An adder (D:4)
  A bat (D:4)
  A kobold (D:4)
3 creatures vanquished.

Grand Total: 498 creatures vanquished

Notes
Turn   | Place    | Note
--------------------------------------------------------------
     0 | D:1      | BluebellGnoll, the Deep Elf Conjurer, began the quest for the Orb.
     0 | D:1      | Reached XP level 1. HP: 10/10 MP: 5/5
   480 | D:1      | Reached XP level 2. HP: 15/15 MP: 3/8
   484 | D:1      | Learned a level 2 spell: Searing Ray
  1043 | D:2      | Reached XP level 3. HP: 19/19 MP: 10/13
  1048 | D:2      | Learned a level 3 spell: Dazzling Spray
  1145 | D:2      | Reached skill level 5 in Spellcasting
  1218 | D:2      | Noticed Sigmund
  1231 | D:2      | Killed Sigmund
  1231 | D:2      | Reached skill level 6 in Spellcasting
  1231 | D:2      | Reached XP level 4. HP: 22/24 MP: 2/18
  1340 | D:2      | Learned a level 4 spell: Iskenderun's Mystic Blast
  1386 | D:2      | Noticed Ijyb
  1392 | D:2      | Killed Ijyb
  1392 | D:2      | Reached skill level 7 in Spellcasting
  1392 | D:2      | Reached XP level 5. HP: 28/28 MP: 13/21
  1728 | D:2      | Noticed Crazy Yiuf
  1733 | D:2      | Killed Crazy Yiuf
  1733 | D:2      | Reached skill level 5 in Conjurations
  1941 | D:3      | Found a shattered altar of Ashenzari.
  2194 | D:3      | Found a glowing drain.
  2245 | Sewer    | Entered a sewer
  2323 | Sewer    | Noticed lege's ghost (average KoAs)
  2333 | Sewer    | Killed lege's ghost
  2333 | Sewer    | Reached XP level 6. HP: 32/32 MP: 7/23
  2663 | Sewer    | Reached XP level 7. HP: 36/36 MP: 17/25
  2799 | Sewer    | Learned a level 5 spell: Iskenderun's Battlesphere
  2944 | D:3      | Reached skill level 1 in Charms
  3423 | D:3      | Found a glowing golden altar of the Shining One.
  4241 | D:4      | Found a staircase to the Ecumenical Temple.
  4246 | Temple   | Entered the Ecumenical Temple
  4294 | Temple   | Became a worshipper of Sif Muna the Loreminder
  4359 | D:4      | Noticed Pikel
  4365 | D:4      | Killed Pikel
  4365 | D:4      | Acquired Sif Muna's first power
  4365 | D:4      | Reached skill level 9 in Conjurations
  4365 | D:4      | Reached XP level 8. HP: 21/41 MP: 0/26
  4544 | D:4      | Noticed Blork the orc
  4549 | D:4      | Killed Blork the orc
  4934 | D:5      | Entered Level 5 of the Dungeon
  5167 | D:5      | Learned a level 4 spell: Fulminant Prism
  5436 | D:5      | Found a blossoming altar of Fedhas.
  5949 | D:6      | Found Ocearec's Distillery.
  6082 | D:6      | Bought a potion of strong poison for 30 gold pieces
  6196 | D:6      | Reached skill level 5 in Stealth
  6304 | D:6      | Reached XP level 9. HP: 45/45 MP: 20/29
  6732 | D:6      | You fall through a shaft!
  6908 | D:6      | Acquired Sif Muna's second power
  7283 | D:7      | Reached skill level 5 in Dodging
  7329 | D:7      | Found a sand-covered staircase.
  7345 | Ossuary  | Entered an ossuary
  7539 | Ossuary  | Reached skill level 10 in Spellcasting
  8618 | D:8      | Found a stormy altar of Qazlal.
  8691 | D:8      | Reached skill level 10 in Conjurations
  8745 | D:8      | Reached XP level 10. HP: 47/50 MP: 18/32
  8957 | D:8      | Reached skill level 11 in Spellcasting
  9266 | Temple   | Learned a level 2 spell: Blink
 10037 | D:9      | Reached skill level 1 in Evocations
 10038 | D:9      | Found Pacudooc's Weapon Emporium.
 10102 | D:9      | Found a white marble altar of Elyvilon.
 10130 | D:9      | Reached skill level 12 in Spellcasting
 10276 | D:9      | Found a burning altar of Makhleb.
 10372 | D:9      | Acquired Sif Muna's third power
 10411 | D:9      | Found a staircase to the Lair.
 10504 | D:9      | Found an ancient bone altar of Kikubaaqudgha.
 10758 | D:9      | Upgraded the game from 0.15-a0-1119-g9b3a599 to 0.15-a0-1154-gddcb950
 10759 | Lair:1   | Entered Level 1 of the Lair of Beasts
 10915 | Lair:1   | Reached skill level 13 in Spellcasting
 10915 | Lair:1   | Reached XP level 11. HP: 54/54 MP: 20/34
 11589 | Lair:1   | Identified the Papyrus of Burning Attacks
 11606 | Lair:1   | Learned a level 5 spell: Fireball
 13105 | D:10     | Entered Level 10 of the Dungeon
 14153 | D:11     | Noticed Deemzul's ghost (powerful OpMo)
 14156 | D:11     | Killed Deemzul's ghost
 14226 | D:11     | Found a staircase to the Orcish Mines.
 14413 | D:11     | Reached XP level 12. HP: 34/59 MP: 15/36
 14723 | D:11     | Received a gift from Sif Muna
 14724 | D:11     | Identified Sif Muna's Handbook of Frigorific Moulding (Sif Muna gifted it to you on level 11 of the Dungeon)
 14731 | D:11     | Found a blossoming altar of Fedhas.
 14836 | D:11     | Noticed a hill giant
 14849 | D:11     | Killed from afar by a gargoyle

Action                   |  1- 3 |  4- 6 |  7- 9 | 10-12 || total
-------------------------+-------+-------+-------+-------++-------
Melee: Short sword       |     6 |       |    60 |    91 ||   157
       Quarterstaff      |       |     1 |   150 |       ||   151
 Cast: Magic Dart        |    27 |    74 |   219 |   267 ||   587
       Searing Ray       |     8 |    11 |    39 |    29 ||    87
       Dazzling Spray    |       |     3 |     3 |    17 ||    23
       Iskenderun's Myst |       |     4 |    14 |    61 ||    79
       Iskenderun's Batt |       |       |    28 |    63 ||    91
       Fireball          |       |       |       |     5 ||     5
       Blink             |       |       |       |     1 ||     1
Invok: Channel Energy    |       |       |    16 |   286 ||   302
 Abil: Evoke Flight      |       |       |     3 |       ||     3
Evoke: Wand              |       |       |       |     1 ||     1
  Use: Scroll            |     5 |       |     6 |    23 ||    34
       Potion            |       |     1 |       |     3 ||     4
 Stab: Sleeping          |       |     1 |    28 |    12 ||    41
       Invisible         |       |       |     2 |       ||     2
